 Dungeon Crawl Stone Soup version 0.22-a0-525-gf69a080 (webtiles) character file.

71 iamserjio the Ruffian (level 4, -4/23 HPs)
             Began as a Vine Stalker Skald on June 21, 2018.
             Killed by divine providence
             ... invoked by an orc priest
              (11 damage)
             ... on level 3 of the Dungeon.
             The game lasted 00:03:54 (317 turns).

iamserjio the Ruffian (Vine Stalker Skald)           Turns: 317, Time: 00:03:55

Health: -4/23      AC:  5    Str: 14    XL:     4   Next: 24%
Magic:  0/8        EV: 11    Int: 14    God:
Gold:   27         SH:  0    Dex: 13    Spells: 1/7 levels left

rFire    . . .     SeeInvis .   i - +2 short sword (drain)
rCold    . . .     Gourm    .   (no shield)
rNeg     . . .     Faith    .   g - +0 ring mail
rPois    .         Spirit   +   (no helmet)
rElec    .         Reflect  .   (no cloak)
rCorr    .         Harm     .   (no gloves)
MR       .....                  (no boots)
Stlth    ..........             (no amulet)
HPRegen  0.47/turn              b - ring of loudness (curse)
MPRegen  0.11/turn              (no ring)

@: no status effects
A: fangs 2, regeneration 1, magic shield, antimagic bite, no potion heal 3, rot
immunity
a: no special abilities


You were on level 3 of the Dungeon.
You were not hungry.

You visited 1 branch of the dungeon, and saw 3 of its levels.

You collected 27 gold pieces.

Inventory:

Hand Weapons
 h - a +0 club
 i - a +2 short sword of draining (weapon)
Missiles
 e - a throwing net (quivered) {!f}
Armour
 a - a +0 leather armour
 g - a +0 ring mail (worn)
Jewellery
 b - a cursed ring of loudness (left hand)
Scrolls
 k - a scroll of teleportation {unknown}
Potions
 d - a potion of curing {unknown}
 f - a potion of degeneration {unknown}
 j - a potion of berserk rage {unknown}
Comestibles
 c - a ration


   Skills:
 + Level 2.5 Fighting
 - Level 0.7 Armour
 - Level 1.5 Dodging
 * Level 3.8 Unarmed Combat
 - Level 2.1 Spellcasting
 - Level 3.0 Charms


You had one spell level left.
You knew the following spells:

 Your Spells              Type           Power        Failure   Level  Hunger
a - Infusion              Chrm           #...         14%         1    #......
b - Song of Slaying       Chrm           #.......     22%         2    ###....
c - Regeneration          Chrm/Necr      #.........   61%         3    ###....

Your spell library contained the following spells:

 Spells                   Type           Power        Failure   Level  Hunger
 Shroud of Golubria       Chrm/Tloc      #.........   36%         2    ###....
 Spectral Weapon          Hex/Chrm       #.......     61%         3    ###....


Dungeon Overview and Level Annotations

Branches:
Dungeon (3/15)

Altars:

Annotations:
D:2 Robin


Innate Abilities, Weirdness & Mutations

You have extremely sharp teeth.
Your natural rate of healing is unusually fast.
When hurt, damage is shared between your health and your magic reserves.
Your bite disrupts and absorbs the magic of your enemies.
Potions cannot restore your health.
You are immune to rotting.


Message History

You hit the orc priest.
The orc priest is heavily wounded.
The orc priest calls upon Beogh to heal something.
The orc completely misses you.
You hit the orc. Your bite misses the orc.
The orc is lightly wounded.
The orc hits you but does no damage.
The orc priest hits you with a short sword.
You hit the orc.
The orc is severely wounded.
The orc barely misses you.
The orc priest calls down the wrath of Beogh upon you.
Beogh smites you!
* * * LOW HITPOINT WARNING * * *
You closely miss the orc. You bite the orc, but do no damage.
The orc is severely wounded.
The orc hits you but does no damage.
The orc priest mumbles some strange prayers to Beogh against you.
Beogh smites you!
You die...

.# .. #.# lS## #.#
...## #.# o..# #.#
..# ###.# #.# #@#.#
..##o##########o#oo#
........S..o...###.#
.##.###########.#.##
#. ##)o# #. ##..# #.
#...# .. #)#.# #$
###.#.#


You could see 2 orc priests and an orc.

Vanquished Creatures
  An orc wizard (D:3)
  2 adders (D:3)
  5 orcs (D:3)
  A giant cockroach (D:1)
  3 goblins
  3 hobgoblins
  3 jackals (D:3)
  3 bats (D:1)
  A frilled lizard (D:1)
  A rat (D:1)
23 creatures vanquished.

Vanquished Creatures (others)
  An adder (D:3)
  A quokka (D:3)
  A rat (D:3)
3 creatures vanquished.

Grand Total: 26 creatures vanquished

Notes
Turn   | Place    | Note
-------+----------+-------------------------------------------
     0 | D:1      | iamserjio the Vine Stalker Skald began the quest for the Orb.
     0 | D:1      | Reached XP level 1. HP: 11/11 MP: 4/4
   118 | D:1      | Reached XP level 2. HP: 6/15 MP: 4/6
   148 | D:2      | Learned a level 2 spell: Song of Slaying
   161 | D:2      | Noticed Robin
   220 | D:3      | Reached XP level 3. HP: 1/18 MP: 3/7
   232 | D:3      | Learned a level 3 spell: Regeneration
   299 | D:3      | Gained mutation: Your natural rate of healing is unusually fast. [Vine Stalker growth]
   299 | D:3      | Reached XP level 4. HP: 5/23 MP: 8/8
   317 | D:3      | Killed from afar by an orc priest

Vault maps used:
D:1:      lemuel_arrival_funnel
D:2:      cheibrodos_pilgrimage, first_ration, minmay_misc_feat_ornament,
          led_sif_pool, uniq_robin
D:3:      nicolae_ru_the_path_less_chosen, lemuel_flame_loot_1

Skill      XL: |  1  2 |
---------------+-------+-----
Fighting       | 2 |  2.5
Unarmed Combat | 3 |  3.8
Armour         | |  0.7
Dodging        | |  1.5
Spellcasting   | |  2.1
Charms         | |  3.0

Action                   |  1- 3 |  4- 6 || total
-------------------------+-------+-------++-------
Melee: Unarmed           |    40 |       ||    40
       Bite              |    15 |     4 ||    19
       Short sword       |    28 |    15 ||    43
       Punch             |     1 |       ||     1
 Cast: Infusion          |     3 |       ||     3
       Song of Slaying   |     1 |       ||     1
Armor: Leather armour    |    12 |       ||    12
       Ring mail         |    14 |     4 ||    18
Dodge: Dodged            |    30 |     9 ||    39

Table legend:
 A = Spawn XP
 B = Non-spawn XP
 C = Spawn XP percentage of total XP
 D = Spawn monster count
 E = Non-spawn monster count
 F = Spawn count percentage of total count
 G = Total turns spent on level
                    A         B        C        D         E        F      G
               +---------+---------+-------+---------+---------+-------+---------
         Total |       0 |     102 |   0.0 |       0 |      23 |   0.0 |   317
               +---------+---------+-------+---------+---------+-------+---------
           D:1 |       0 |      10 |   0.0 |       0 |       7 |   0.0 |   113
           D:2 |       0 |       4 |   0.0 |       0 |       2 |   0.0 |    55
           D:3 |       0 |      88 |   0.0 |       0 |      14 |   0.0 |   149
               +---------+---------+-------+---------+---------+-------+---------
